 Dungeon Crawl Stone Soup version 0.31-a0-995-g04711c9635 (webtiles) character file.

Game seed: 3736553670183135199

423 Pixllover the Chopper (level 6, -5/56 HPs)
             Began as a Hill Orc Monk on Nov 6, 2023.
             Slain by a gnoll bouda
             ... wielding a +0 club
              (7 damage)
             ... on level 4 of the Dungeon.
             The game lasted 00:05:12 (3212 turns).

Pixllover the Chopper (Hill Orc Monk)               Turns: 3212, Time: 00:05:13

Health: -5/56      AC: 12    Str: 16    XL:     6   Next: 95%
Magic:  6/6        EV:  5    Int: 10    God:
Gold:   176        SH:  0    Dex: 13    Spells: 5/5 levels left

rFire   . . .        a - +0 hand axe
rCold   + . .        d - orb {light}
rNeg    . . .        f - +1 plate armour {rC+}
rPois   .            (no helmet)
rElec   .            (no cloak)
rCorr   .            (no gloves)
SInv    .            (no boots)
Will    .....        (no amulet) Stlth
                     (no ring)
HPRegen 0.29/turn    (no ring)
MPRegen 0.10/turn

%: no passive effects
@: weakened, glowing
A: no striking features
a: no special abilities


You were on level 4 of the Dungeon.
You visited 1 branch of the dungeon, and saw 5 of its levels.

You collected 176 gold pieces.

Inventory:

Hand Weapons
 a - a +0 hand axe (weapon)
Armour
 d - an orb of light (worn)
 f - a +1 plate armour of cold resistance (worn)
Wands
 n - a wand of paralysis (5)
 s - a wand of quicksilver (4) (quivered)
Scrolls
 b - a scroll of fog
 e - a scroll of acquirement {unknown}
 h - a scroll of vulnerability {unknown}
 i - a scroll of teleportation
 j - 3 scrolls of identify {unknown}
 l - 2 scrolls of revelation {unknown}
 m - 2 scrolls of noise {unknown}
 p - a scroll of immolation {unknown}
 q - a scroll of fear {unknown}
Potions
 c - a potion of ambrosia
 g - a potion of mutation {unknown}
 k - a potion of brilliance {unknown}
 o - a potion of magic {unknown}
 r - a potion of heal wounds {unknown}


   Skills:
 + Level 5.1 Fighting
 + Level 7.7 Axes
 + Level 3.0 Armour
 + Level 2.8 Dodging
 + Level 0.1 Stealth


You had 5 spell levels left.
You didn't know any spells.
Your spell library contained the following spells:

 Spells                   Type           Power      Damage    Failure   Level
 Dazzling Flash           Conj/Hex       0%         N/A       100%        3
 Volatile Blastmotes      Fire/Tloc      0%         2d10      100%        3
 Starburst                Conj/Fire      0%         6d3       100%        6
 Maxwell's Capacitive Co  Air            0%         ∞         100%        8


Dungeon Overview and Level Annotations

Branches:
Dungeon (5/15)
 Temple: D:4-7

Altars:
Okawaru


Message History

The gnoll hits you but does no damage.
The gnoll hits you from afar with a +0 halberd.
The gnoll hits you but does no damage.
There is a stone staircase leading up here.
The gnoll hits you but does no damage.
You climb upwards.
There is a stone staircase leading down here.
You hit the gnoll.
The gnoll is lightly wounded.
The gnoll completely misses you.
You slash the gnoll!
The gnoll is severely wounded.
You completely miss the gnoll.
The gnoll is severely wounded.
The gnoll barely misses you.
You slash the gnoll!
You kill the gnoll!
You see here a +0 flail.
You start resting.
HP restored.
You see here a +0 flail.
There is a stone staircase leading down here.
You climb downwards.
The ogre hits you with a +0 giant spiked club!
The gnoll bouda gazes fiercely through you!
You feel your attacks grow feeble.
There is a stone staircase leading up, spattered with blood here.
The ogre hits you with a +0 giant spiked club!!
The gnoll bouda hits you with a +0 club.
The gnoll hits you from afar with a +0 halberd.
* * * LOW HITPOINT WARNING * * *
You climb upwards.
There is a stone staircase leading down here.
As you read the scroll of fog, it dissolves into smoke.
The gnoll bouda hits you with a +0 club.
* * * LOW HITPOINT WARNING * * *
The ogre hits you with a +0 giant spiked club!
* * * LOW HITPOINT WARNING * * *
The gnoll bouda hits you with a +0 club!
You die...

##....## ## #....## # #....#
#####...## ###..##....#
######.....#....## #
#..#...§.§###....## ##
####.......§§§##.....## ##.
#.........§#@g§##.....#####..
#.........§O§##.##......#..[.
##.......#§###...##..........
###.......# #....##.........
##.#######.####....###.....##
###...####....###.....###'''###
###<..#...#......^#..............
#...###..##..##......<.......#...
###..#..##..###...........##.....


You could see an ogre and a gnoll bouda.

Vanquished Creatures
  Eustachio (D:4)
  An iguana (D:4)
  Ijyb (D:4)
  Natasha (thrice) (D:4)
  5 adders
  2 gnolls
  3 worms
  A dart slug (D:3)
  4 orcs (D:2)
  8 bats
  8 endoplasms
  2 giant cockroaches
  12 goblins
  9 hobgoblins
  6 jackals
  6 kobolds
  4 quokkas
  5 ball pythons
  A frilled lizard (D:2)
  4 rats
86 creatures vanquished.

Notes
Turn   | Place    | Note
-------+----------+-------------------------------------------
     0 | D:1      | Pixllover the Hill Orc Monk began the quest for the Orb.
     0 | D:1      | Reached XP level 1. HP: 19/19 MP: 1/1
    30 | D:1      | Reached XP level 2. HP: 9/27 MP: 2/2
   357 | D:1      | Reached XP level 3. HP: 33/33 MP: 3/3
   796 | D:2      | Reached skill level 5 in Axes
   893 | D:2      | Reached XP level 4. HP: 21/41 MP: 4/4
  1389 | D:2      | Identified the +0 robe of Patience {rElec rF- rC+ SInv}
  1656 | D:3      | Reached skill level 1 in Armour
  1827 | D:3      | Reached XP level 5. HP: 47/47 MP: 5/5
  1887 | D:3      | Reached skill level 6 in Axes
  2424 | D:4      | Found an iron altar of Okawaru.
  2445 | D:4      | Noticed Ijyb
  2457 | D:4      | Paralysed by Ijyb for 3 turns
  2465 | D:4      | Paralysed by Ijyb for 4 turns
  2471 | D:4      | Killed Ijyb
  2481 | D:4      | Noticed Natasha
  2488 | D:4      | Killed Natasha
  2524 | D:4      | Reached XP level 6. HP: 32/53 MP: 6/6
  2867 | D:4      | Noticed Natasha
  2876 | D:4      | Killed Natasha
  2877 | D:4      | Reached skill level 7 in Axes
  2894 | D:4      | Noticed Eustachio
  2895 | D:4      | Noticed Natasha
  2931 | D:4      | Killed Eustachio
  2932 | D:4      | Reached skill level 5 in Fighting
  2964 | D:4      | Killed Natasha
  3131 | D:5      | Entered Level 5 of the Dungeon
  3211 | D:4      | HP: 2/56 [ogre/+0 giant spiked club (10)]
  3212 | D:4      | Slain by a gnoll bouda

Illustrated notes

Levels and vault maps discovered:
D:1:      shiori_shiawase, layout_basic, serial_bayou_pond_c
D:2:      layout_rooms, grunt_ministairs_10, st_stairs_14, wad_orctagon
D:3:      layout_loops_corners
D:4:      layout_cave_pools, okawaru_metal_pillars_3, kennysheep_donut,
          uniq_ijyb, uniq_natasha, uniq_eustachio
D:5:      layout_loops_ring, slow_altar_1, minmay_temple_entry_offerings,
          minmay_lizard_king

Skill      XL: |  1  2  3  4  5  6 |
---------------+-------------------+-----
Fighting       | 4 5 |  5.1
Axes           | 5 6 7 |  7.7
Armour         | 1 2 3 |  3.0
Dodging        | |  2.8
Stealth        | |  0.1

Action                     |  1- 3 |  4- 6 || total
---------------------------+-------+-------++-------
  Melee: Hand axe          |    99 |   171 ||   270
  Evoke: Wand              |       |     1 ||     1
    Use: Scroll            |       |     3 ||     3
 Armour: Robe              |    20 |       ||    20
         Chain mail        |    59 |    58 ||   117
         Plate armour      |       |    91 ||    91
  Dodge: Dodged            |    44 |    51 ||    95

Table legend: (Time is in decaauts)
 A = Elapsed time spent in this place.
 B = Non-inter-level travel time spent in this place.
 C = Inter-level travel time spent in this place.
 D = Time resting spent in this place.
 E = Time spent auto-exploring this place.
 F = Levels seen in this place.
 G = Mean time per level.
                   A        B        C        D        E       F      G
               +--------+--------+--------+--------+--------+-----+--------+
         Total |   3226 |   3141 |     85 |    225 |   2038 |   5 |  645.2 |
       Dungeon |   3226 |   3141 |     85 |    225 |   2038 |   5 |  645.2 |
               +--------+--------+--------+--------+--------+-----+--------+

Top non-repeatable levels by time:
     D:3: 924 daAuts
     D:1: 798 daAuts
     D:4: 776 daAuts
     D:2: 716 daAuts
     D:5: 10 daAuts
